 Dungeon Crawl Stone Soup version 0.29.0-4-gdea44cf6ec (webtiles) character file.

Game seed: 15376078116838981117

98 qw the Chopper (level 4, 0/26 HPs)
             Began as a Tengu Warper on Aug 28, 2022.
             Killed by nerve-wracking pain
             ... invoked by an orc priest
              (13 damage)
             ... on level 3 of the Dungeon.
             The game lasted 00:00:12 (2876 turns).

qw the Chopper (Tengu Warper)                       Turns: 2876, Time: 00:00:13

Health: 0/26       AC:  5    Str: 13    XL:     4   Next: 69%
Magic:  8/8        EV: 11    Int: 13    God:
Gold:   133        SH:  0    Dex: 20    Spells: 7/7 levels left

rFire   . . .      SeeInvis .   Y - +0 hand axe
rCold   . . .      Faith    .   (no shield)
rNeg    . . .      Spirit   .   g - +0 ring mail
rPois   .          Reflect  .   (helmet restricted)
rElec   .          Harm     .   (no cloak)
rCorr   .          Rampage  .   (no gloves)
Will    .....                   (boots unavailable)
Stlth   ..........              (no amulet)
HPRegen 0.08/turn               d - +6 ring of dexterity
MPRegen 0.11/turn               (no ring)

@: confused
A: beak, talons 3
a: no special abilities


You were on level 3 of the Dungeon.
You visited 1 branch of the dungeon, and saw 3 of its levels.

You collected 133 gold pieces.


Innate Abilities, Weirdness & Mutations

You have a beak for a mouth.
You have claws for feet.


   Skills:
 - Level 2.0 Fighting
 + Level 5.2 Axes
 - Level 1.0 Throwing
 - Level 1.1 Armour
 - Level 2.1 Dodging
 - Level 2.0 Spellcasting
 - Level 2.4 Translocations


You had 7 spell levels left.
You didn't know any spells.
Your spell library contained the following spells:

 Spells                   Type           Power      Damage    Failure   Level
 Blink                    Tloc           14%        N/A       30%         2
 Gell's Gravitas          Tloc           7%         N/A       52%         3
 Lesser Beckoning         Tloc           7%         N/A       52%         3
 Teleport Other           Tloc           7%         N/A       52%         3
 Manifold Assault         Tloc           7%         N/A       99%         5

Inventory:

Hand Weapons
 e - a +0 whip
 Y - a +0 hand axe (weapon)
Armour
 b - a +0 chain mail
 g - a +0 ring mail (worn)
Jewellery
 d - a +6 ring of dexterity (left hand)
Scrolls
 h - 2 scrolls of identify
 i - a scroll of fear {unknown}
Potions
 a - a potion of lignification {unknown}
 c - a potion of flight {unknown}
 f - a potion of degeneration {unknown}
 j - a potion of might

Dungeon Overview and Level Annotations

Branches:
Dungeon (3/15)

Altars:
Qazlal


Message History

The orc wizard casts a spell at you. You resist with some effort.
You hit the orc wizard but do no damage.
Your kick misses the orc wizard.
An orc comes into view. It is wielding a +0 trident.
You hit the orc wizard. Your kick misses the orc wizard.
The orc wizard is lightly wounded.
The orc wizard casts a spell at you. The puff of flame hits you.
You closely miss the orc wizard.
The orc wizard is lightly wounded.
The orc wizard hits you but does no damage.
You hit the orc wizard but do no damage.
Your kick misses the orc wizard.
The orc wizard is lightly wounded.
The orc wizard closely misses you.
You closely miss the orc wizard.
You claw the orc wizard, but do no damage.
The orc wizard is lightly wounded.
You hit the orc priest but do no damage.
The orc priest closely misses you. The orc closely misses you.
The orc wizard points at you and mumbles some strange words.
You are confused.
You hit the orc wizard. Your peck misses the orc wizard.
The orc wizard is moderately wounded.
You hit the orc priest but do no damage.
The orc priest barely misses you.
The orc hits you from afar with a +0 trident.
The orc wizard hits you but does no damage.
The orc priest attacks as you move away!
The orc priest barely misses you.
The orc wizard attacks as you move away!
The orc wizard hits you but does no damage.
You closely miss the orc wizard. You peck the orc wizard.
The orc wizard is heavily wounded.
You closely miss the orc priest.
The orc priest calls down the wrath of Beogh upon you.
Pain shoots through your body!
Ouch! That really hurt!
You die...

### ..# #.# ## #######
#.# .. ....... #.
####.###.###########
#.##........##.........
##.....).#####.########
#...ooo))...##.# #
#.#.###@..##.##.#
#.%###.##.# #..# #.##.#
....# #.##.#
####.###.##(########
.........%........#
###.#############.# #.#


You could see an orc priest, an orc wizard and an orc.

Vanquished Creatures
  An orc wizard (D:3)
  An adder (D:2)
  2 worms
  A dart slug (D:1)
  2 orcs (D:3)
  4 endoplasms
  3 giant cockroaches
  3 goblins
  2 hobgoblins
  8 jackals
  6 kobolds
  2 quokkas (D:1)
  6 ball pythons
  4 bats
  2 rats
47 creatures vanquished.

Notes
Turn   | Place    | Note
-------+----------+-------------------------------------------
     0 | D:1      | qw the Tengu Warper began the quest for the Orb.
     0 | D:1      | Reached XP level 1. HP: 12/12 MP: 4/4
     0 | D:1      | 0 ||| qw: Version: 0.1-a-89-g26bdef1
     0 | D:1      | 0 ||| qw: Game counter: 3077
     0 | D:1      | 0 ||| qw: Always use a shield: true
     0 | D:1      | 0 ||| qw: God list: Okawaru
     0 | D:1      | 0 ||| qw: Allow faded altars: false
     0 | D:1      | 0 ||| qw: Do Orc after D:15 true
     0 | D:1      | 0 ||| qw: Do second Lair branch before Depths: true
     0 | D:1      | 0 ||| qw: Lair rune preference: random
     0 | D:1      | 0 ||| qw: Plans: Normal
     0 | D:1      | 0 ||| PLANNING D:1-11
    36 | D:1      | HP: 2/12 [kobold/+0 whip (2)]
   285 | D:1      | 285 ||| Stepping ~*~*~tactically~*~*~ (stealth).
   291 | D:1      | Reached skill level 3 in Axes
   291 | D:1      | Reached XP level 2. HP: 15/17 MP: 6/6
   683 | D:1      | 683 ||| Stepping ~*~*~tactically~*~*~ (stealth).
  1029 | D:1      | 1029 ||| Stepping ~*~*~tactically~*~*~ (hiding).
  1043 | D:1      | Reached XP level 3. HP: 8/21 MP: 7/7
  1300 | D:1      | 1300 ||| UPGRADING to +6 ring of dexterity.
  1301 | D:1      | 1301 ||| READING scroll labelled HODET PIEXZONAKOD.
  1302 | D:1      | 1302 ||| READING 2 scrolls labelled FUPIDAUMUL.
  1303 | D:1      | 1303 ||| READING scroll labelled EDUXIMOE CAIPP.
  1307 | D:1      | 1307 ||| DROPPING scroll of blinking.
  1482 | D:2      | Reached skill level 4 in Axes
  1569 | D:2      | Found a faded altar of an unknown god.
  1659 | D:2      | Found a stormy altar of Qazlal.
  1989 | D:2      | Reached XP level 4. HP: 26/26 MP: 8/8
  2213 | D:2      | 2213 ||| UPGRADING to +0 ring mail.
  2223 | D:2      | 2223 ||| DROPPING +0 leather armour.
  2224 | D:2      | 2224 ||| DRINKING 2 orange potions.
  2261 | D:3      | 2261 ||| Stepping ~*~*~tactically~*~*~ (hiding).
  2288 | D:3      | Reached skill level 5 in Axes
  2487 | D:3      | 2487 ||| Stepping ~*~*~tactically~*~*~ (stealth).
  2489 | D:3      | 2489 ||| Stepping ~*~*~tactically~*~*~ (stealth).
  2755 | D:3      | 2755 ||| Stepping ~*~*~tactically~*~*~ (hiding).
  2876 | D:3      | Killed from afar by an orc priest

Levels and vault maps discovered:
D:1:      psy_arrival_radial02, layout_basic
D:2:      layout_loops_ring, shapermc_ecumenical_altar_hornbeckon, basic_altar,
          nicolae_underground_beach
D:3:      layout_loops_ring, ashenzari_altar_1, grunt_ministairs_15

Skill      XL: |  1  2  3  4 |
---------------+-------------+-----
Axes           | 3 4 5 |  5.2
Fighting       | |  2.0
Throwing       | |  1.0
Armour         | |  1.1
Dodging        | |  2.1
Spellcasting   | |  2.0
Translocations | |  2.4

Action                   |  1- 3 |  4- 6 || total
-------------------------+-------+-------++-------
Melee: Hand axe          |    94 |    43 ||   137
       Kick              |    25 |     5 ||    30
       Peck              |    13 |     7 ||    20
       Punch             |     1 |       ||     1
Throw: Boomerang         |     7 |       ||     7
  Use: Scroll            |     3 |       ||     3
       Potion            |       |     1 ||     1
Armor: Leather armour    |    16 |       ||    16
       Ring mail         |       |    10 ||    10
Dodge: Dodged            |    65 |    22 ||    87

Table legend:
 A = Non-vault XP
 B = Vault XP
 C = Vault XP percentage of total XP
 D = Non-vault monster count
 E = Vault monster count
 F = Vault count percentage of total count
                 A         B        C        D         E       F
            +---------+---------+-------+---------+---------+-------
      Total |     140 |       0 |   0.0 |      47 |       0 |   0.0
            +---------+---------+-------+---------+---------+-------
        D:1 |      39 |       0 |   0.0 |      21 |       0 |   0.0
        D:2 |      44 |       0 |   0.0 |      16 |       0 |   0.0
        D:3 |      57 |       0 |   0.0 |      10 |       0 |   0.0
            +---------+---------+-------+---------+---------+-------
